 Dungeon Crawl Stone Soup version 0.31.0-32-g396128a36d (webtiles) character file.

Game seed: 13962205192876341969

1564 Alphaeus the Shield-Bearer (level 9, -3/69 HPs)
             Began as a Formicid Fighter on Mar 20, 2024.
             Was an Initiate of Qazlal.
             Slain by a manticore (5 damage)
             ... on level 6 of the Dungeon.
             The game lasted 00:05:32 (5050 turns).

Alphaeus the Shield-Bearer (Formicid Fighter)       Turns: 5050, Time: 00:05:32

Health: -3/69      AC: 11    Str: 33    XL:     9   Next: 13%
Magic:  9/9        EV: 10    Int:  9    God:    Qazlal [......]
Gold:   299        SH:  0    Dex: 22    Spells: 8/8 levels left

rFire   + . .        y - +2 whip (elec)
rCold   x . .        c - +0 buckler
rNeg    . . .        q - +3 ring mail
rPois   +            (helmet unavailable)
rElec   .            (no cloak)
rCorr   +            (no gloves)
SInv    +            n - +1 pair of boots "Tauz" {Str+5}
Will    .....        (no amulet) Stlth
                     k - +6 ring of strength
HPRegen 0.31/turn    d - ring "Mynom" {Fire rPois rCorr Str-2 Dex+9}
MPRegen 0.11/turn

%: no passive effects
@: confused, spiked
A: permanent stasis, dig shafts and tunnels, antennae 3, four strong arms
a: Dig, Shaft Self, Renounce Religion


You were on level 6 of the Dungeon.
You worshipped Qazlal.
Qazlal was noncommittal.
You visited 2 branches of the dungeon, and saw 7 of its levels.

You collected 299 gold pieces.

Inventory:

Hand Weapons
 a - a +0 war axe
 y - a +2 whip of electrocution (weapon)
Armour
 b - a +0 scale mail
 c - a +0 buckler (worn)
 n - the +1 pair of boots "Tauz" (worn) {Str+5}
   (You found it on level 2 of the Dungeon)

   Str+5:     It affects your strength (+5).
 q - a +3 ring mail (worn)
 z - the orb "Urrid" {*Rage, rN+ Will+++ Int-4 Air}
   (You found it on level 5 of the Dungeon)

   Int-4:     It affects your intelligence (-4).
   rN+:       It protects you from negative energy.
   Will+++:   It greatly increases your willpower.
   Air:       It increases the power of your Air spells.
Jewellery
 d - the ring "Mynom" (right hand) {Fire rPois rCorr Str-2 Dex+9}
   (You found it on level 4 of the Dungeon)

   [ring of fire]

   Fire:      It enhances your fire magic.
   Str-2:     It affects your strength (-2).
   Dex+9:     It affects your dexterity (+9).
   rF+:       It protects you from fire.
   rC-:       It makes you vulnerable to cold.
   rPois:     It protects you from poison rCorr: It protects you from acid and
   corrosion.
 k - a +6 ring of strength (left hand)
Wands
 s - a wand of digging (9)
 x - a wand of charming (5)
Scrolls
 f - 3 scrolls of enchant weapon {unknown}
 i - a scroll of blinking {unknown}
 j - a scroll of amnesia {unknown}
 m - 4 scrolls of identify {unknown}
 o - 4 scrolls of revelation {unknown}
 p - a scroll of enchant armour {unknown}
 r - a scroll of fear {unknown}
 v - 2 scrolls of teleportation {unknown}
Potions
 e - a potion of mutation {unknown}
 g - a potion of attraction {unknown}
 h - a potion of magic {unknown}
 l - 2 potions of lignification {unknown}
 t - a potion of invisibility {unknown}
 u - a potion of heal wounds {unknown}
 w - 2 potions of curing {unknown}


   Skills:
 + Level 6.2 Fighting
 * Level 7.1 Axes
 + Level 6.2 Armour
 + Level 7.4 Shields


You had 8 spell levels left.
You didn't know any spells.
Your spell library contained the following spells:

 Spells                   Type           Power      Damage    Failure   Level
 Magic Dart               Conj           0%         1d3       52%         1
 Call Imp                 Summ           0%         N/A       67%         2
 Mercury Vapours          Alch/Air       0%         N/A       67%         2
 Hailstorm                Conj/Ice       0%         3d5       88%         3
 Summon Ice Beast         Ice/Summ       0%         N/A       88%         3
 Summon Blazeheart Golem  Fire/Summ      0%         N/A       99%         4
 Summon Lightning Spire   Summ/Air       0%         N/A       99%         4
 Freezing Cloud           Conj/Ice/Air   0%         6-21      100%        5
 Sculpt Simulacrum        Ice/Alch       0%         N/A       100%        6
 Blink                    Tloc           Unusable   N/A       N/A         2

Dungeon Overview and Level Annotations

Branches:
Dungeon (6/15)             Temple (1/1) D:5

Altars:
Ashenzari
Cheibriados
Dithmenos
Elyvilon
Fedhas
Gozag
Hepliaklqana
Kikubaaqudgha
Makhleb
Nemelex Xobeh
Okawaru
Qazlal
Sif Muna
Trog
Uskayaw
Vehumet
Wu Jian
Yredelemnul
Zin
The Shining One

Shops:
D:2 :   D:4 (=*

Annotations:
D:4 2 transporters


Innate Abilities, Weirdness & Mutations

You cannot be hasted, slowed, berserked, paralysed or teleported.
You can dig through walls and to a lower floor.
You have a pair of large antennae on your head. (SInv)
Your four strong arms can wield two-handed weapons with a shield.


Message History

You are too confused!
You are too confused!
You are too confused!
You are too confused!
You are too confused!
You are too confused!
You are too confused!
Okay, then.
You whack the orc!
You kill the orc!
Qazlal accepts your kill. The orc wizard misses you.
The barbed spikes dig painfully into your body as you move.
The gnoll shouts!
You hear a shout!
The orc wizard attacks as it pursues you!
The orc wizard barely misses you.
You bump into the rock wall.
The manticore bites you!
The manticore claws you but does no damage.
The manticore claws you. The orc wizard misses you.
The orc hits you with a +0 mace. The orc hits you but does no damage.
You whack the orc!
You kill the orc!
Qazlal accepts your kill. The manticore bites you!
* * * LOW HITPOINT WARNING * * *
The manticore claws you but does no damage.
The manticore barely misses you.
The orc wizard hits you with a +0 dagger.
* * * LOW HITPOINT WARNING * * *
The orc barely misses you.
An orc comes into view. It is wielding a +0 flail.
You closely miss the manticore. The manticore barely misses you.
The manticore claws you.
* * * LOW HITPOINT WARNING * * *
The manticore closely misses you.
The orc wizard hits you but does no damage.
The orc hits you but does no damage.
You're too confused to move!
The orc hits you but does no damage. The manticore bites you.
You die...

###g## ©.###.#
......# ~≈≈≈≈≈≈
~≈≈≈≈≈≈ ..?....
. #.....o## ...
##....o@##.....
.o....Ho.......
.......).......
.....[.........
........##.....
......... .....
..#...#.. ....
..##...#. ....
.... .. #..


You could see a manticore, an orc wizard, a gnoll and 3 orcs.

Vanquished Creatures
  Grinder (D:5)
  A yak (D:5)
  Eustachio (D:5)
  An orc warrior (D:5)
  A black bear (D:4)
  A phantom (D:5)
  2 scorpions (D:4)
  3 howler monkeys
  4 hounds (D:5)
  2 jellies (D:5)
  A gnoll bouda (D:4)
  4 iguanas
  Ijyb (D:5)
  3 orc wizards
  6 gnolls (D:4)
  2 adders
  A white imp (D:5)
  2 ribbon worms
  A dart slug (D:1)
  8 orcs
  6 ball pythons
  8 endoplasms
  5 giant cockroaches
  7 goblins
  6 hobgoblins
  12 jackals
  9 quokkas
  8 bats
  A frilled lizard (D:1)
  11 kobolds
  3 rats
122 creatures vanquished.

Notes
Turn   | Place    | Note
-------+----------+-------------------------------------------
     0 | D:1      | Alphaeus the Formicid Fighter began the quest for the Orb.
     0 | D:1      | Reached XP level 1. HP: 18/18 MP: 1/1
    83 | D:1      | Reached XP level 2. HP: 21/24 MP: 2/2
   486 | D:1      | Reached XP level 3. HP: 29/29 MP: 3/3
  1359 | D:2      | Found Rohacuva's Vocational Training.
  1743 | D:2      | Reached XP level 4. HP: 16/37 MP: 4/4
  1823 | D:2      | Identified the +1 pair of boots "Tauz" {Str+5}
  1904 | D:3      | Reached XP level 5. HP: 42/42 MP: 5/5
  2334 | D:3      | Reached skill level 5 in Shields
  2672 | D:4      | Reached XP level 6. HP: 48/48 MP: 6/6
  2708 | D:4      | Found a transporter.
  2708 | D:4      | Found Luifeav's General Store.
  2783 | D:4      | Found Gigug's Jewellery Emporium.
  2787 | D:4      | Noticed a black bear
  2801 | D:4      | Killed a black bear
  2854 | D:4      | Found Rushe Joklu's Antique Weapon Shop.
  2993 | D:4      | Reached XP level 7. HP: 55/55 MP: 7/7
  3063 | D:4      | Reached skill level 5 in Axes
  3244 | D:4      | Found a transporter.
  3401 | D:4      | Identified the ring "Mynom" {Fire rPois rCorr Str-2 Dex+9}
  3434 | D:4      | Reached skill level 5 in Fighting
  3434 | D:4      | Reached skill level 5 in Armour
  3815 | D:5      | Entered Level 5 of the Dungeon
  3898 | D:5      | Noticed Grinder
  3906 | D:5      | Killed Grinder
  3907 | D:5      | Reached XP level 8. HP: 62/62 MP: 8/8
  4004 | D:5      | Got the Meditations on Red Voltage
  4019 | D:5      | Found a hide-covered altar of Uskayaw.
  4184 | D:5      | Noticed Ijyb
  4208 | D:5      | Killed Ijyb
  4433 | D:5      | Noticed Eustachio
  4465 | D:5      | Killed Eustachio
  4554 | D:5      | Found a staircase to the Ecumenical Temple.
  4588 | Temple   | Entered the Ecumenical Temple
  4597 | Temple   | Became a worshipper of Qazlal Stormbringer
  4867 | D:5      | Noticed a yak
  4875 | D:5      | Reached XP level 9. HP: 55/69 MP: 9/9
  4882 | D:5      | Identified the orb "Urrid" {*Rage, rN+ Will+++ Int-4 Air}
  5041 | D:6      | Noticed a manticore
  5049 | D:6      | HP: 2/69 [manticore (5)]
  5050 | D:6      | Slain by a manticore

Illustrated notes

Levels and vault maps discovered:
D:1:      nagdon_arrival_zigzag_paths, layout_basic, minmay_bisected
D:2:      minmay_general_purpose_star, layout_basic, hangedman_feature_mirror,
          nicolae_shop_vocational
D:3:      corexii_shack_village, layout_basic, minmay_cut_off
D:4:      layout_gridville, serial_shops, shop, nicolae_shop_tiny_statue_garden,
          nicolae_shop_drivethru
D:5:      layout_gridville, mainiacjoe_overflow_concentric_impassable,
          minmay_temple_entry_gardened_gates, minmay_small_thing, uniq_ijyb,
          uniq_eustachio, uniq_grinder
D:6:      layout_layer_cave, mainiacjoe_overflow_large_starburst,
          gammafunk_ghost_gnarly_gnolls
Temple:   compressed_dpeg_triangle_lava_temple

Skill      XL: |  1  2  3  4  5  6  7  8  9 |
---------------+----------------------------+-----
Axes           | 3 4 5 6 7 |  7.1
Armour         | 4 5 6 |  6.2
Fighting       | 4 5 6 |  6.2
Shields        | 5 6 7 |  7.4

Action                     |  1- 3 |  4- 6 |  7- 9 || total
---------------------------+-------+-------+-------++-------
  Melee: War axe           |    85 |   102 |   117 ||   304
         Whip              |       |       |    73 ||    73
    Use: Potion            |       |       |     1 ||     1
 Armour: Scale mail        |    60 |    26 |       ||    86
         Ring mail         |       |    66 |   194 ||   260
  Dodge: Dodged            |    37 |    43 |   131 ||   211
  Block: Buckler           |    17 |    19 |    49 ||    85
